Map: [TLMC15] Glittering Ashes

Players

Maru - Winner!

  • Race: Terran Terran

Dark

  • Race: Zerg Zerg

Event: DreamHack SC2 Masters Last Chance 2022

VOD

Have the link to the VOD?

Description

Time

  • Played on: Jan. 15, 2022, 1:19 p.m.
  • Length: 9:16

All games in this series

Show
View Real Time Build Order
Export as new Build Order

Maru Terran - Winner!

Build Orders: Reaper Expand 

Get SALT Encoding   

  12  0:00  SCV  
  13  0:12  SCV  
  14  0:16  Supply Depot  
  14  0:24  SCV  
  15  0:38  SCV, Barracks  
  15  0:42  Refinery  
  16  0:50  SCV  
  17  1:02  SCV  
  18  1:14  SCV  
  19  1:26  Reaper  
  19  1:27  Orbital Command  
  20  1:37  Command Center  
  20  1:46  Supply Depot  
  20  1:52  SCV  
  21  1:58  Marine  
  22  2:03  Factory  
  22  2:04  SCV  
  23  2:11  Refinery  
  23  2:16  SCV  
  23  2:20  Barracks Reactor  
  24  2:28  SCV  
  25  2:40  SCV  
  26  2:49  Starport, Orbital Command  
  26  2:52  SCV  
  26  2:53  Refinery  
  27  3:04  Hellion x2  
  31  3:09  SCV  
  32  3:18  SCV  
  33  3:21  SCV  
  33  3:26  Viking  
  36  3:28  Hellion x2  
  36  3:30  Supply Depot  
  36  3:31  SCV  
  36  3:34  SCV  
  42  3:37  Fusion Core  
  42  3:43  Starport  
  42  3:46  SCV  
  42  3:47  SCV  
  44  3:53  Supply Depot  
  44  3:58  SCV  
  44  3:59  SCV  
  44  4:02  Liberator  
  49  4:10  SCV  
  49  4:12  Refinery  
  49  4:15  SCV  
  49  4:16  Supply Depot  
  51  4:22  Starport Tech Lab  
  51  4:23  SCV  
  52  4:27  SCV  
  53  4:35  SCV  
  54  4:39  Supply Depot  
  54  4:40  Battlecruiser  
  54  4:44  Supply Depot  
  60  4:45  Starport Tech Lab  
  60  4:52  Bunker  
  60  4:55  Hellion x2  
  60  4:59  SCV  
  65  5:08  Battlecruiser  
  65  5:12  SCV  
  65  5:13  Marine  
  73  5:15  Supply Depot  
  73  5:16  SCV  
  74  5:24  SCV  
  74  5:28  SCV  
  74  5:33  Supply Depot  
  75  5:36  SCV  
  75  5:38  Supply Depot  
  75  5:39  Marine  
  75  5:41  SCV  
  78  5:56  Supply Depot  
  78  6:06  Supply Depot  
  78  6:12  Command Center  
  78  6:18  Battlecruiser  
  84  6:26  Weapon Refit  
  84  6:27  SCV, Battlecruiser  
  91  6:36  Supply Depot, Hellion  
  91  6:37  SCV  
  94  6:40  Hellion  
  94  6:42  SCV  
  93  6:50  SCV  
  90  6:54  SCV  
  88  7:02  SCV  
  88  7:06  Hellion, SCV  
  89  7:14  SCV  
  84  7:19  SCV  
  84  7:22  Battlecruiser  
  84  7:26  SCV  
  84  7:28  Orbital Command  
  83  7:31  SCV  
  79  7:39  Supply Depot  
  79  7:43  SCV  
  79  7:45  Orbital Command  
  75  7:55  Battlecruiser  
  75  7:58  SCV  
  71  8:01  SCV  
  69  8:10  SCV  
  69  8:14  SCV  
  69  8:15  SCV  
  70  8:22  SCV  
  70  8:26  SCV  
  67  8:27  SCV  
  63  8:34  SCV  
  63  8:38  SCV  
  63  8:39  SCV  
  63  8:46  SCV  
  60  8:50  SCV  
  60  8:51  SCV  
  57  8:58  SCV  
  54  9:03  SCV x2  
Show
View Real Time Build Order
Export as new Build Order

Dark Zerg 

Build Orders: Hatch First 

Get SALT Encoding   

  12  0:00  Drone  
  13  0:12  Overlord  
  13  0:16  Drone  
  14  0:30  Drone x2  
  16  0:47  Hatchery  
  15  0:50  Drone  
  15  0:54  Drone  
  17  0:58  Drone  
  18  1:09  Extractor  
  17  1:14  Spawning Pool  
  17  1:17  Drone  
  17  1:24  Drone  
  18  1:36  Drone  
  19  1:43  Drone  
  20  1:53  Drone  
  21  2:01  Queen x2  
  21  2:02  Zergling x4  
  27  2:11  Zergling x2  
  27  2:12  Overlord  
  28  2:24  Hatchery  
  27  2:31  Drone x2  
  27  2:34  Drone  
  27  2:35  Drone  
  31  2:43  Queen  
  32  2:49  Overlord  
  32  2:50  Drone  
  33  2:53  Drone  
  34  2:59  Drone  
  35  3:08  Drone x2  
  35  3:12  Drone x3  
  40  3:15  Overlord  
  40  3:17  Drone  
  40  3:19  Queen  
  43  3:28  Drone, Roach Warren  
  43  3:39  Queen, Overlord  
  43  3:41  Drone x2  
  47  3:42  Drone  
  47  3:44  Drone  
  47  3:47  Drone  
  47  3:48  Drone  
  51  3:52  Extractor  
  50  4:00  Drone x2  
  50  4:01  Overlord  
  52  4:04  Overlord x2  
  54  4:10  Roach x2  
  56  4:20  Roach x4  
  70  4:24  Roach x3  
  70  4:27  Drone  
  70  4:30  Drone x2  
  73  4:36  Overlord  
  73  4:38  Lair  
  73  4:41  Drone x3  
  73  4:43  Drone  
  77  4:50  Overlord, Extractor x2  
  77  4:51  Overlord  
  77  4:52  Drone  
  76  4:55  Drone  
  76  4:56  Drone x2  
  76  4:58  Drone  
  80  5:01  Drone x2  
  80  5:02  Drone  
  80  5:05  Ravager x2  
  85  5:09  Drone  
  85  5:11  Drone x3  
  89  5:17  Drone x2  
  89  5:19  Drone x3  
  89  5:20  Drone x2  
  96  5:21  Ravager  
  96  5:26  Drone  
  96  5:27  Drone  
  97  5:29  Drone x3  
  97  5:32  Extractor  
  97  5:33  Extractor  
  98  5:36  Drone x2  
  98  5:38  Glial Reconstitution  
  98  5:41  Evolution Chamber  
  98  5:42  Evolution Chamber  
  98  5:43  Drone  
  99  5:53  Drone  
  99  5:54  Spore Crawler x2  
  98  5:58  Drone x2  
  98  5:59  Hatchery  
  98  6:01  Overlord x3  
  98  6:02  Roach x2  
  103  6:05  Drone  
  104  6:18  Spore Crawler  
  104  6:20  Spore Crawler  
  104  6:21  Spore Crawler x2  
  104  6:25  Ravager x3  
  96  6:26  Roach x4  
  96  6:32  Spore Crawler  
  100  6:37  Spire, Queen  
  100  6:39  Spore Crawler  
  100  6:41  Roach  
  100  6:43  Roach x2  
  100  6:45  Roach  
  97  6:55  Roach x2  
  97  6:57  Roach x2  
  99  7:01  Spore Crawler  
  99  7:03  Roach  
  99  7:05  Drone  
  98  7:22  Roach x2  
  103  7:23  Spire, Roach x2  
  103  7:25  Roach  
  103  7:34  Queen x2  
  94  7:48  Roach x3  
  94  7:51  Roach x4  
  88  8:04  Roach x4  
  86  8:07  Roach  
  87  8:27  Spire, Roach x3  
  87  8:32  Spore Crawler x2  
  82  8:35  Zergling x4  

Tags
 
Add a new tag
Caveats
  • Supply blocks, unpowered buildings, or Contaminate may cause inaccurate times.
  • Supply counts are checked every 10 seconds.